 Dungeon Crawl Stone Soup version 0.27.1-34-g3ba077fa99 (webtiles) character file.

Game seed: 17447956735456661464

177 Nixze the Stinger (level 5, 0/30 HPs)
             Began as a Tengu Venom Mage on Jan 5, 2022.
             Slain by an orc (6 damage)
             ... on level 3 of the Dungeon.
             The game lasted 00:06:14 (4917 turns).

Nixze the Stinger (Tengu Venom Mage)                Turns: 4917, Time: 00:06:15

Health: 0/30       AC:  2    Str:  8    XL:     5   Next: 57%
Magic:  2/9        EV: 15    Int: 23    God:
Gold:   173        SH:  0    Dex: 14    Spells: 2/8 levels left

rFire    . . .     SeeInvis .   c - staff of conjuration
rCold    + . .     Faith    .   (no shield)
rNeg     . . .     Spirit   .   a - +0 robe
rPois    .         Reflect  .   (helmet restricted)
rElec    .         Harm     .   (no cloak)
rCorr    .         Rampage  .   (no gloves)
Will     .....                  (boots unavailable)
Stlth    ++........             (no amulet)
HPRegen  0.10/turn              n - ring of protection from cold
MPRegen  0.11/turn              r - +6 ring of intelligence

@: flying quickly and evasively, quick
A: beak, talons 3, nimble flight
a: no special abilities


You were on level 3 of the Dungeon.
You visited 1 branch of the dungeon, and saw 4 of its levels.

You collected 173 gold pieces.

Inventory:

Missiles
 e - 4 poisoned darts (quivered)
Armour
 a - a +0 robe (worn)
 m - a +2 kite shield
Magical Staves
 c - a staff of conjuration (weapon)
Jewellery
 n - a ring of protection from cold (left hand)
 r - a +6 ring of intelligence (right hand)
 t - a ring of protection from cold
Scrolls
 b - a scroll of immolation {unknown}
 d - 5 scrolls of identify {unknown}
 g - a scroll of noise {unknown}
 i - a scroll of enchant weapon {unknown}
 l - 2 scrolls of magic mapping {unknown}
 q - a scroll of enchant armour {unknown}
 s - a scroll of teleportation {unknown}
Potions
 f - a potion of lignification {unknown}
 h - a potion of brilliance {unknown}
 j - 2 potions of attraction {unknown}
 k - a potion of ambrosia {unknown}
 o - 2 potions of degeneration {unknown}
 p - a potion of cancellation {unknown}


   Skills:
 - Level 2.0 Fighting
 - Level 3.0 Dodging
 + Level 2.4 Stealth
 + Level 2.3 Spellcasting
 - Level 3.0 Conjurations
 + Level 1.3 Transmutations
 - Level 3.0 Air Magic
 - Level 3.0 Poison Magic


You had 2 spell levels left.
You knew the following spells:

 Your Spells              Type           Power      Damage    Failure   Level
a - Sting                 Tmut/Pois      48%        1d5       4%          1
b - Poisonous Vapours     Pois/Air       32%        N/A       5%          2
c - Mephitic Cloud        Conj/Pois/Air  24%        N/A       11%         3

Your spell library contained the following spells:

 Spells                   Type           Power      Damage    Failure   Level
 Olgreb's Toxic Radiance  Pois           16%        N/A       34%         4
 Cause Fear               Hex            1%         N/A       77%         4
 Dragon Form              Tmut           4%         N/A       100%        7
 Dragon's Call            Summ           1%         N/A       100%        9


Dungeon Overview and Level Annotations

Branches:
Dungeon (4/15)
 Temple: D:4-7

Altars:
Zin


Innate Abilities, Weirdness & Mutations

You have a beak for a mouth.
You have claws for feet.
Your magical nature lets you fly swiftly and evasively.


Message History

Press: ? - help, Dir - move target, f - orc
Aim: an orc, wielding a +0 whip Poisonous vapours surround the orc!
The orc is poisoned.
The orc barely misses you.
Casting: Poisonous Vapours (safe; 5% risk of failure)
Confirm with . or Enter, or press ? or * to list all spells.
Aiming: Sting (safe; 4% risk of failure)
Press: ? - help, Shift-Dir - straight line, f/p - orc
Aim: an orc, wielding a +0 whip (lightly wounded, poisoned, 71% to hit)
The sting hits the orc.
The orc looks even sicker.
The orc is almost dead.
The orc completely misses you.
Casting: Sting (safe; 4% risk of failure)
Confirm with . or Enter, or press ? or * to list all spells.
Aiming: Sting (safe; 4% risk of failure)
Press: ? - help, Shift-Dir - straight line, f/p - orc
Aim: an orc, wielding a +0 whip (almost dead, very poisoned, 71% to hit)
The sting hits the orc.
The orc looks even sicker.
You kill the orc!
Casting: Sting (safe; 4% risk of failure)
Confirm with . or Enter, or press ? or * to list all spells.
Aiming: Sting (safe; 4% risk of failure)
Press: ? - help, Shift-Dir - straight line, f - orc
Aim: an orc, wielding a +0 hand axe (71% to hit)
The sting misses the orc.
The orc closely misses you.
Casting: Sting (safe; 4% risk of failure)
Confirm with . or Enter, or press ? or * to list all spells.
Aiming: Sting (safe; 4% risk of failure)
Press: ? - help, Shift-Dir - straight line, f/p - orc
Aim: an orc, wielding a +0 hand axe (71% to hit)
The sting misses the orc.
The orc closely misses you.
Casting: Sting (safe; 4% risk of failure)
Confirm with . or Enter, or press ? or * to list all spells.
Aiming: Sting (safe; 4% risk of failure)
Press: ? - help, Shift-Dir - straight line, f/p - orc
Aim: an orc, wielding a +0 hand axe (71% to hit)
The sting hits the orc.
The orc is poisoned.
The orc is lightly wounded.
The orc hits you with a +0 hand axe.
You die...

.#########.#####.......#.###
.# ##.## #.......#.# .#
#...# #########.# .# #...#
#.# .# #...# #.# .######
##.## ########.# ......# #.#
#........# ##.##.#
#.######.#####..# ...##.#
#...>.o@........# .<.##.#
#####.##.#####.## .#.##.####
#..#.#####.# ##.......#
##.....<....# ......##.#
##..+..#######
########.###..#+#..## ####
#.......##.##..## ...#
#.#.#..##.8.##..## ...#
#.#...##.....##..#


You could see an orc (poisoned).

Vanquished Creatures
  Terence (D:3)
  An orc wizard (D:3)
  5 adders
  2 dart slugs
  10 orcs (D:3)
  5 bats
  3 endoplasms
  A giant cockroach (D:1)
  4 goblins
  11 hobgoblins
  5 kobolds
  2 quokkas (D:1)
  6 ball pythons
  8 frilled lizards
  2 rats (D:3)
66 creatures vanquished.

Notes
Turn   | Place    | Note
-------+----------+-------------------------------------------
     0 | D:1      | Nixze the Tengu Venom Mage began the quest for the Orb.
     0 | D:1      | Reached XP level 1. HP: 10/10 MP: 4/4
   108 | D:1      | Reached skill level 1 in Transmutations
   520 | D:1      | Reached skill level 1 in Fighting
   568 | D:1      | Reached XP level 2. HP: 16/16 MP: 3/6
   574 | D:1      | Learned a level 2 spell: Poisonous Vapours
  1194 | D:1      | Reached skill level 1 in Air Magic
  1339 | D:1      | Reached XP level 3. HP: 21/21 MP: 3/7
  1949 | D:2      | Found a faded altar of an unknown god.
  2152 | D:2      | Found a glowing silver altar of Zin.
  2776 | D:3      | Reached XP level 4. HP: 26/26 MP: 0/8
  3138 | D:3      | Learned a level 3 spell: Mephitic Cloud
  3481 | D:3      | Noticed Terence
  3488 | D:2      | Reached skill level 1 in Conjurations
  3866 | D:3      | Killed Terence
  3914 | D:3      | Gained mutation: Your magical nature lets you fly swiftly
                  | and evasively. [Tengu growth]
  3914 | D:3      | Reached XP level 5. HP: 30/30 MP: 0/9
  4681 | D:4      | Noticed a necrophage
  4917 | D:3      | Slain by an orc

Illustrated notes

Levels and vault maps discovered:
D:1:      dpeg_arrival_rhombus, layout_basic, chequers_serial_rivers_room_a
D:2:      layout_rooms, basic_altar, shapermc_ecumenical_altar_acropolis
D:3:      layout_loops_cross, grunt_decor_arrowhead, minmay_quantized,
          uniq_terence
D:4:      layout_layer_cave, minmay_temple_entry_trees

Skill      XL: |  1  2  3  4  5 |
---------------+----------------+-----
Transmutations | 1 |  1.3
Fighting       | 1 2 |  2.0
Air Magic      | 1 3 |  3.0
Dodging        | 3 |  3.0
Conjurations   | 2 3 |  3.0
Stealth        | |  2.4
Spellcasting   | |  2.3
Poison Magic   | |  3.0

Action                   |  1- 3 |  4- 6 || total
-------------------------+-------+-------++-------
Melee: Unarmed           |     8 |       ||     8
       Staff             |    17 |    24 ||    41
       Kick              |     5 |     3 ||     8
       Peck              |       |     3 ||     3
Throw: Dart              |       |     2 ||     2
 Cast: Sting             |    39 |    30 ||    69
       Poisonous Vapours |    32 |    43 ||    75
Armor: Robe              |    10 |     3 ||    13
Dodge: Dodged            |    28 |    36 ||    64
